Map: Hardwire LE

Players

rundmc

  • Race: Terran Terran
  • League: Diamond
  • Spawn Location: 7:00

Warthog - Winner!

  • Race: Terran Terran
  • League: Master
  • Spawn Location: 1:00

VOD

Have the link to the VOD?

Description

Time

  • Played on: Jan. 4, 2022, 6:12 p.m.
  • Length: 17:16
Show
View Real Time Build Order
Export as new Build Order

rundmc Terran 

Build Orders:  

Get SALT Encoding   

  12  0:00  SCV  
  13  0:12  SCV  
  14  0:17  Supply Depot  
  14  0:25  SCV  
  14  0:27  Refinery  
  15  0:39  SCV  
  16  0:45  Barracks  
  16  0:51  SCV  
  16  0:54  Refinery  
  17  1:03  SCV  
  18  1:15  SCV  
  20  1:33  Orbital Command  
  20  1:35  Factory  
  20  1:37  Reaper  
  20  1:49  Supply Depot  
  20  1:59  SCV  
  21  2:10  Reaper  
  21  2:11  SCV  
  23  2:19  Hellion  
  25  2:23  SCV  
  26  2:32  Command Center  
  26  2:35  SCV  
  27  2:44  Starport  
  27  2:47  SCV, Factory Tech Lab  
  27  2:50  Barracks Reactor  
  28  2:58  Supply Depot  
  28  3:07  Cyclone  
  31  3:19  SCV  
  32  3:21  Starport Tech Lab  
  32  3:29  Refinery  
  32  3:31  SCV, Marine x2  
  35  3:44  SCV  
  32  3:52  Marine  
  32  3:53  Marine  
  30  3:58  Raven  
  30  4:00  SCV  
  30  4:01  Orbital Command  
  30  4:12  Marine  
  30  4:13  Marine  
  29  4:18  SCV  
  29  4:21  Siege Tank  
  32  4:28  SCV  
  33  4:32  Marine  
  33  4:33  Marine  
  33  4:35  SCV  
  36  4:43  Raven  
  38  4:46  SCV  
  38  4:49  SCV  
  40  4:52  Marine  
  40  4:53  Marine  
  40  4:58  SCV  
  43  5:01  Siege Tank  
  43  5:04  SCV  
  43  5:05  Supply Depot  
  47  5:11  SCV  
  46  5:14  Marine x2  
  46  5:18  SCV  
  47  5:23  SCV  
  47  5:30  SCV  
  47  5:35  SCV, Raven  
  50  5:42  SCV  
  48  5:47  SCV  
  48  5:49  Command Center  
  49  5:54  SCV  
  48  6:05  SCV  
  48  6:07  Siege Tank, Marine x2  
  54  6:12  Supply Depot  
  54  6:15  SCV  
  54  6:17  SCV  
  56  6:27  SCV  
  56  6:29  SCV  
  56  6:31  Barracks  
  58  6:33  Barracks  
  58  6:35  Stimpack  
  58  6:37  Viking  
  58  6:39  SCV  
  61  6:41  SCV  
  62  6:49  Supply Depot  
  62  6:50  Siege Tank  
  62  6:51  SCV  
  62  6:53  SCV  
  67  7:01  Engineering Bay  
  67  7:06  SCV  
  67  7:08  Engineering Bay  
  68  7:13  SCV  
  70  7:16  Refinery  
  70  7:17  Orbital Command  
  70  7:22  Marine  
  70  7:24  Barracks Reactor x2  
  72  7:32  SCV x2  
  74  7:40  Terran Infantry Weapons Level 1  
  74  7:41  Terran Infantry Armor Level 1  
  71  7:44  SCV x2  
  71  7:45  SCV  
  71  7:49  Supply Depot  
  73  7:52  Orbital Command  
  73  7:54  Viking x2, Marine  
  73  7:56  SCV x2  
  73  7:57  Siege Tank  
  83  8:06  Marine x4  
  83  8:08  SCV  
  83  8:12  Marine  
  87  8:13  SCV, Factory  
  89  8:20  SCV  
  89  8:23  Combat Shield  
  90  8:28  Armory  
  90  8:30  Supply Depot, SCV x2, Barracks  
  90  8:31  Barracks  
  90  8:32  SCV  
  93  8:42  SCV x2  
  93  8:44  SCV  
  93  8:47  Marine x5  
  101  8:54  SCV x2, Medivac x2  
  107  8:56  SCV  
  107  8:59  Factory Tech Lab  
  108  9:03  Supply Depot  
  108  9:04  Marine  
  108  9:05  Siege Tank, Marine  
  108  9:06  SCV x2  
  108  9:09  SCV  
  116  9:17  Supply Depot x2  
  116  9:18  Refinery, SCV  
  116  9:19  Barracks Reactor  
  116  9:20  Barracks Reactor, Refinery  
  116  9:21  SCV  
  117  9:25  SCV  
  117  9:30  SCV  
  119  9:36  SCV  
  119  9:37  SCV  
  121  9:39  Marine x5  
  121  9:41  Siege Tank  
  121  9:45  Command Center  
  129  9:56  Terran Infantry Weapons Level 2  
  129  9:57  Marine x3  
  129  9:59  Supply Depot, Terran Infantry Armor Level 2  
  132  10:07  Marine x4  
  132  10:08  Siege Tank, Marine x2  
  141  10:20  Marine  
  141  10:21  SCV, Siege Tank, Marine x2  
  147  10:26  Marine x2  
  147  10:31  Marine x2  
  147  10:32  Supply Depot  
  147  10:33  Supply Depot x2  
  149  10:35  Medivac x2, Marine  
  149  10:41  SCV  
  149  10:42  Terran Vehicle Weapons Level 1  
  137  10:43  SCV  
  137  10:45  Siege Tank  
  141  10:53  Siege Tank  
  131  11:07  Marine  
  131  11:08  Marine x8  
  131  11:09  Medivac x2  
  139  11:16  SCV x3, Refinery  
  141  11:25  Marine x3  
  141  11:26  Siege Tank, Marine x3  
  141  11:30  Barracks  
  141  11:31  Barracks x2  
  150  11:34  SCV x2  
  150  11:35  Marine x2  
  150  11:36  Siege Tank  
  133  11:50  Marine x2  
  116  12:01  SCV  
  116  12:02  SCV, Marine x2  
Show
View Real Time Build Order
Export as new Build Order

Warthog Terran - Winner!

Build Orders:  

Get SALT Encoding   

  12  0:01  SCV  
  13  0:13  SCV  
  14  0:18  Supply Depot  
  14  0:25  SCV  
  15  0:39  SCV  
  15  0:41  Barracks  
  16  0:45  Refinery  
  16  0:52  SCV  
  16  0:53  Refinery  
  17  1:04  SCV  
  18  1:17  SCV  
  19  1:29  Orbital Command  
  19  1:30  Reaper  
  20  1:42  Factory  
  20  1:49  Supply Depot  
  20  1:55  SCV  
  21  2:02  Reaper  
  22  2:10  SCV  
  23  2:22  SCV, Command Center  
  24  2:29  Hellion  
  26  2:34  SCV  
  27  2:40  Reaper  
  28  2:44  Supply Depot  
  28  2:46  SCV  
  31  2:51  Hellion  
  31  3:03  Starport  
  31  3:06  SCV  
  32  3:13  Factory Tech Lab  
  32  3:14  Barracks Reactor  
  32  3:18  SCV  
  33  3:30  SCV  
  34  3:35  Siege Tank  
  34  3:36  Orbital Command  
  37  3:42  SCV  
  35  3:59  Medivac, Marine  
  35  4:00  Marine  
  39  4:16  SCV  
  38  4:17  SCV  
  38  4:20  Refinery, Marine x2  
  38  4:21  Command Center  
  38  4:22  Cyclone  
  42  4:28  SCV  
  42  4:29  SCV  
  44  4:40  SCV  
  44  4:41  SCV, Starport Tech Lab  
  46  4:50  Supply Depot  
  46  4:52  SCV  
  47  4:53  SCV  
  47  4:54  Marine x2  
  47  4:55  Siege Tank  
  47  4:57  Supply Depot  
  53  5:04  SCV  
  54  5:12  SCV, Raven, Marine x2  
  59  5:16  SCV  
  57  5:24  SCV  
  57  5:27  Siege Tank  
  61  5:28  SCV  
  61  5:30  Barracks  
  61  5:31  Barracks  
  62  5:36  SCV  
  63  5:43  SCV  
  63  5:49  SCV  
  65  5:51  Refinery, Orbital Command  
  65  5:52  Engineering Bay x2  
  65  5:53  Marine x2  
  65  5:55  Raven  
  69  5:57  SCV  
  69  5:59  Siege Tank  
  73  6:07  SCV  
  74  6:14  SCV  
  74  6:17  Supply Depot  
  74  6:18  Terran Infantry Armor Level 1, Terran Infantry Weapons Level 1  
  75  6:19  Marine  
  75  6:22  Barracks Reactor  
  75  6:24  Barracks  
  76  6:27  Barracks  
  76  6:28  SCV x2  
  76  6:30  Orbital Command  
  78  6:38  Marine x2  
  80  6:40  Supply Depot, SCV x2  
  80  6:42  Supply Depot  
  82  6:52  SCV x2, Starport Reactor  
  84  7:02  SCV  
  84  7:04  SCV x2, Stimpack, Marine x2  
  84  7:06  Siege Tank  
  92  7:11  Armory  
  92  7:12  Supply Depot  
  92  7:14  SCV  
  92  7:15  Supply Depot  
  93  7:16  SCV x2  
  93  7:17  Refinery  
  93  7:20  Refinery  
  95  7:26  SCV  
  95  7:27  Marine x3  
  95  7:28  SCV x2  
  95  7:29  Barracks Reactor x2  
  101  7:34  Viking  
  101  7:36  Marine x2  
  103  7:38  Siege Tank  
  103  7:41  Viking  
  108  7:44  SCV x2, Marine x2  
  108  7:45  Marine  
  108  7:47  Supply Depot  
  108  7:48  Supply Depot  
  113  7:54  Marine x2  
  115  7:58  SCV  
  115  7:59  SCV  
  115  8:02  Marine x3  
  115  8:04  Viking, SCV  
  123  8:10  Siege Tank  
  123  8:11  Marine  
  123  8:12  Supply Depot, Marine  
  128  8:14  Supply Depot, Terran Infantry Weapons Level 2  
  128  8:16  Command Center  
  128  8:20  Marine  
  128  8:21  Marine  
  128  8:22  Marine x5  
  135  8:29  Marine x2  
  135  8:32  Terran Infantry Armor Level 2  
  135  8:34  Terran Vehicle Weapons Level 1  
  137  8:38  Marine  
  137  8:39  SCV, Marine x2  
  137  8:40  SCV x2  
  143  8:44  Combat Shield  
  143  8:46  Supply Depot  
  143  8:51  SCV  
  144  8:57  Marine  
  144  8:58  Marine x5  
  144  8:59  Viking x2, Siege Tank  
  157  9:07  SCV  
  157  9:08  Factory  
  158  9:12  SCV  
  158  9:16  Barracks x2  
  158  9:17  Supply Depot, Barracks  
  159  9:19  Supply Depot  
  159  9:29  Medivac x2  
  163  9:35  Planetary Fortress  
  163  9:38  Refinery x2  
  163  9:49  Supply Depot  
  161  9:55  Factory Tech Lab  
  161  9:59  Viking x2  
  164  10:25  Marine x12  
  164  10:26  Siege Tank  
  164  10:27  Siege Tank  
  182  10:42  Marine  
  182  10:43  Marine x7  
  182  10:44  Viking  
  182  10:45  Barracks Reactor x3  
  190  10:58  Siege Tank  
  190  10:59  Siege Tank  
  193  11:10  Marine  
  193  11:11  Marine x7  
  197  11:13  Terran Infantry Weapons Level 3, Terran Infantry Armor Level 3, Terran Vehicle Weapons Level 2  
  197  11:26  Command Center x2  
  197  11:27  Command Center  
  197  11:30  Siege Tank  
  194  11:52  Marine  
  194  11:53  Marine x5  
  184  12:24  Siege Tank  
  187  12:49  Orbital Command x3  
  187  13:01  Marine  
  187  13:02  Marine x12  
  187  13:03  Command Center  
  187  13:08  Command Center  
  187  13:13  Fusion Core, Starport x2  
  187  13:16  Command Center  
  187  14:31  Missile Turret  
  187  14:35  Missile Turret x2  
  187  14:36  Missile Turret  
  187  14:52  Starport Reactor  
  187  14:53  Starport Reactor  
  187  15:20  Missile Turret x2  
  187  15:22  Missile Turret  
  187  15:23  Missile Turret x3  
  187  15:27  Missile Turret  
  187  15:28  Missile Turret  
  187  15:40  Sensor Tower  
  187  15:50  Sensor Tower  
  187  16:39  Command Center  
Tags
 
Add a new tag
Caveats
  • Supply blocks, unpowered buildings, or Contaminate may cause inaccurate times.
  • Supply counts are checked every 10 seconds.